 Dungeon Sprint DCSS version 0.20-a0-809-gaf7f668 (webtiles) character file.

1467 Kidiri the Thaumaturge (level 8, -1/50 (51) HPs)
             Began as a Deep Elf Fire Elementalist on Mar 3, 2017.
             Was a Priest of Vehumet.
             Slain by a two-headed ogre
             ... wielding a +0 giant club
              (32 damage)
             ... in the Dungeon (Sprint III: "The Ten Rune Challenge").
             The game lasted 00:08:02 (1053 turns).

Kidiri the Thaumaturge (Deep Elf Fire Elementalist) Turns: 1053, Time: 00:08:03

HP:   -1/50 (51)    AC:  2    Str:  5    XL:     8   Next: 48%
MP:   1/26          EV: 18    Int: 23    God:    Vehumet [***...]
Gold: 61            SH:  0    Dex: 15    Spells: 10/32 levels left

rFire    . . .     SeeInvis .   j - +0 dagger
rCold    . . .     Gourm    .   k - +0 robe {rN+}
rNeg     + . .     Faith    .   (no shield)
rPois    .         Spirit   .   (no helmet)
rElec    +         Reflect  .   (no cloak)
rCorr    .         Harm     .   (no gloves)
MR       .....     Rnd*Rage +   (no boots) Stlth ++........NoTele +
                                (no amulet)
Regen    0.2/turn               (no ring)
MPRegen  0.2/turn               (no ring)

@: no status effects
A: berserk 1, electricity resistance, MP-powered wands, sturdy frame 1
a: Renounce Religion


You were in the Dungeon.
You worshipped Vehumet.
Vehumet was most pleased with you.
You were full.

You visited 1 branch You collected 61 gold pieces.

Inventory:

Hand Weapons
 j - a +0 dagger (weapon)
Armour
 k - a +0 robe of positive energy (worn)
Wands
 a - a wand of confusion (21/48)
Scrolls
 i - a scroll of blinking
 l - a scroll of torment
 n - 3 scrolls of remove curse
 q - a scroll of immolation
Potions
 d - 2 potions of curing
 f - a potion of haste
 g - 2 potions of magic
 h - 2 potions of berserk rage
 p - 3 potions of flight
Comestibles
 c - a bread ration


   Skills:
 + Level 5.7 Fighting
 + Level 2.2 Short Blades
 + Level 5.6 Armour
 + Level 8.8 Dodging
 - Level 2.4 Stealth
 * Level 12.9 Spellcasting
 + Level 7.8 Conjurations
 + Level 8.6 Fire Magic
 + Level 1.9 Poison Magic
 + Level 2.4 Evocations


You had 10 spell levels left.
You knew the following spells:

 Your Spells              Type           Power        Failure   Level  Hunger
a - Flame Tongue          Conj/Fire      #####        1%          1    None
b - Throw Flame           Conj/Fire      ######       1%          2    None
c - Conjure Flame         Conj/Fire      ######..     1%          3    None
d - Inner Flame           Hex/Fire       ####....     1%          3    None
e - Sticky Flame          Conj/Fire      ######..     1%          4    None
f - Fireball              Conj/Fire      ######....   1%          5    ###....
g - Sting                 Conj/Pois      ####         1%          1    None
h - Ignite Poison         Fire/Tmut/Pois ####....     1%          3    None


Dungeon Overview and Level Annotations

Branches:
Dungeon (1/1)

Altars:
Cheibriados
Dithmenos
Elyvilon
Fedhas
Gozag
Hepliaklqana
Kikubaaqudgha
Makhleb
Nemelex Xobeh
Okawaru
Qazlal
Ru
Sif Muna
Trog
Uskayaw
Vehumet
Wu Jian
Xom
Yredelemnul
Zin
The Shining One
Beogh
Jiyva
Lugonu


Innate Abilities, Weirdness & Mutations

You tend to lose your temper in combat.
You are resistant to electric shocks. (rElec)
You expend magic power (3 MP) to strengthen your wands.
Your movements are slightly less encumbered by armour. (ER -2)


Message History

The two-headed ogre is lightly wounded.
The two-headed ogre is covered in liquid flames!
The two-headed ogre burns!
The two-headed ogre barely misses you.
The two-headed ogre hits you with a giant spiked club!!
The two-headed ogre burns!
The two-headed ogre burns!
The two-headed ogre burns!
The two-headed ogre burns!
The two-headed ogre stops burning.
There is a fountain of clear blue water here.
Casting: Sticky Flame
Confirm with . or Enter, or press ? or * to list all spells.
Aiming: Flame Tongue
Press: ? - help, Shift-Dir - straight line, f/p - two-headed ogre
Aim: a two-headed ogre, wielding a giant club and a giant spiked club (heavily wounded)
The flame tongue hits the two-headed ogre.
The two-headed ogre is severely wounded.
The two-headed ogre closely misses you.
The two-headed ogre hits you with a giant spiked club!!
Ouch! That really hurt!
You die...

▓▓▓▓▓▓▓▓▓ ▓▓▓ #..+....♣
♣.############ #..#....♣
♣♣.#___#___#__# ####....♣♣
♣..#)..#__.#)_# ...#....≈♣♣
♣♣.###+#+###+##
...#...≈≈.♣♣♣♣.#..........#
...#..≈≈≈≈.....'@O........#
##'#..≈≈≈≈≈≈♣♣.#...######'#
..[#.≈≈≈≈≈≈....#.⌠.#__#...#+# ##
...#.≈≈≈≈≈.....#...#__#...#%%
.#.
...#.≈≈≈.......#+###__#...##)#..
####...........#..:#__#...'##.#
...............#___#__+...#...#
▓▓▓▓▓▓▓▓▓▓▓▓▓▓▓▓▓▓▓▓▓▓▓▓▓▓▓▓▓▓▓


You could see a two-headed ogre.

Vanquished Creatures
  A deep elf mage (D)
  A shadow (D)
  A spatial vortex (D)
  A necrophage (D)
  3 two-headed ogres (D)
  A water elemental (D)
  A scorpion (D)
  A jelly (D)
  A wizard (D)
  Jessica (D)
  A necromancer (D)
  3 humans (D)
  A kobold demonologist (D)
  2 oozes (D)
  A rat (D)
20 creatures vanquished.

Vanquished Creatures (others)
  2 draconian scorchers (D)
  6 hellions (D)
  2 yaktaurs (D)
10 creatures vanquished.

Grand Total: 30 creatures vanquished

Notes
Turn   | Place    | Note
-------+----------+-------------------------------------------
     0 | D        | Kidiri the Deep Elf Fire Elementalist began the quest for the Orb.
     0 | D        | Reached XP level 1. HP: 10/10 MP: 6/6
    24 | D        | Reached skill level 1 in Fighting
    24 | D        | Reached skill level 4 in Spellcasting
    24 | D        | Reached XP level 2. HP: 16/16 MP: 6/9
    28 | D        | Learned a level 2 spell: Throw Flame
    51 | D        | Noticed Jessica
    54 | D        | Killed Jessica
    54 | D        | Reached skill level 1 in Armour
    54 | D        | Reached skill level 5 in Spellcasting
    54 | D        | Reached XP level 3. HP: 21/21 MP: 6/11
    59 | D        | Learned a level 3 spell: Conjure Flame
    75 | D        | Killed a yaktaur
    93 | D        | Learned a level 3 spell: Inner Flame
   132 | D        | Killed a hellion
   133 | D        | Killed a hellion
   139 | D        | Killed a hellion
   140 | D        | Killed a hellion
   147 | D        | Killed a white draconian scorcher
   175 | D        | Killed a hellion
   206 | D        | Noticed a scorpion
   213 | D        | Killed a scorpion
   213 | D        | Reached skill level 7 in Spellcasting
   213 | D        | Reached skill level 5 in Fire Magic
   213 | D        | Reached XP level 4. HP: 27/27 MP: 11/15
   219 | D        | Learned a level 4 spell: Sticky Flame
   226 | D        | Killed a white draconian scorcher
   242 | D        | Gained mutation: Your mind is acute. (Int +2) [potion of mutation]
   242 | D        | Gained mutation: You are clumsy. (Dex -2) [potion of mutation]
   242 | D        | Lost mutation: You are clumsy. (Dex -2) [potion of mutation]
   243 | D        | Lost mutation: Your mind is acute. (Int +2) [potion of mutation]
   243 | D        | Gained mutation: Your body sometimes deteriorates upon taking damage. [potion of mutation]
   243 | D        | Gained mutation: Scrolls take you a little longer to read. [potion of mutation]
   243 | D        | Gained mutation: Potions are less effective at restoring your health. [potion of mutation]
   243 | D        | Gained mutation: You are partially covered in yellow scales. (AC +2) [potion of mutation]
   244 | D        | Lost mutation: Scrolls take you a little longer to read. [potion of mutation]
   244 | D        | Gained mutation: You are clumsy. (Dex -2) [potion of mutation]
   244 | D        | Lost mutation: You are clumsy. (Dex -2) [potion of mutation]
   244 | D        | Gained mutation: You have a pair of small horns on your head. [potion of mutation]
   244 | D        | Gained mutation: You have a beak for a mouth. [potion of mutation]
   245 | D        | Lost mutation: Potions are less effective at restoring your health. [potion of mutation]
   245 | D        | Lost mutation: You have a pair of small horns on your head. [potion of mutation]
   245 | D        | Gained mutation: Your muscles are strong. (Str +2) [potion of mutation]
   246 | D        | Lost mutation: Your body sometimes deteriorates upon taking damage. [potion of mutation]
   246 | D        | Lost mutation: Your muscles are strong. (Str +2) [potion of mutation]
   246 | D        | Lost mutation: You are partially covered in yellow scales. (AC +2) [potion of mutation]
   246 | D        | Lost mutation: You have a beak for a mouth. [potion of mutation]
   246 | D        | Gained mutation: You tend to lose your temper in combat. [potion of mutation]
   246 | D        | Gained mutation: You are resistant to electric shocks. (rElec) [potion of mutation]
   246 | D        | Gained mutation: You expend magic power (3 MP) to strengthen your wands. [potion of mutation]
   246 | D        | Gained mutation: Your movements are slightly less encumbered by armour. (ER -2) [potion of mutation]
   272 | D        | Noticed a water elemental
   274 | D        | Killed a water elemental
   274 | D        | Reached skill level 5 in Dodging
   274 | D        | Reached skill level 8 in Spellcasting
   274 | D        | Reached XP level 5. HP: 32/32 MP: 11/17
   281 | D        | Learned a level 5 spell: Fireball
   302 | D        | Killed a hellion
   319 | D        | Found a radiant altar of Vehumet.
   320 | D        | Found a deep blue altar of Sif Muna.
   320 | D        | Found an ancient bone altar of Kikubaaqudgha.
   338 | D        | Became a worshipper of Vehumet
   391 | D        | Found a glowing silver altar of Zin.
   392 | D        | Found a glowing golden altar of the Shining One.
   392 | D        | Found a white marble altar of Elyvilon.
   392 | D        | Noticed a deep elf mage
   403 | D        | Killed a deep elf mage
   403 | D        | Reached skill level 11 in Spellcasting
   403 | D        | Reached XP level 6. HP: 30/39 MP: 14/22
   403 | D        | Reached XP level 7. HP: 34/44 MP: 14/23
   452 | D        | Found a hide-covered altar of Uskayaw.
   452 | D        | Found a roughly hewn altar of Beogh.
   452 | D        | Found an iron altar of Okawaru.
   452 | D        | Found a bloodstained altar of Trog.
   452 | D        | Found an ornate altar of the Wu Jian Council.
   452 | D        | Noticed a human
   456 | D        | Noticed a human
   460 | D        | Killed a human
   460 | D        | Reached skill level 5 in Fighting
   463 | D        | Killed a human
   463 | D        | Reached * piety under Vehumet
   463 | D        | Offered knowledge of Magic Dart by Vehumet.
   463 | D        | Reached skill level 5 in Armour
   463 | D        | Reached skill level 12 in Spellcasting
   616 | D        | Killed a yaktaur
   619 | D        | Found a basalt altar of Yredelemnul.
   619 | D        | Found a shadowy altar of Dithmenos.
   619 | D        | Found a sacrificial altar of Ru.
   911 | D        | Offered knowledge of Sting by Vehumet.
   911 | D        | Reached ** piety under Vehumet
   913 | D        | Noticed a shadow
   921 | D        | Killed a shadow
   921 | D        | Reached skill level 1 in Short Blades
   921 | D        | Reached skill level 1 in Evocations
   921 | D        | Reached XP level 8. HP: 49/49 MP: 11/26
   924 | D        | Learned a level 1 spell: Sting
   989 | D        | Found a blossoming altar of Fedhas.
   989 | D        | Found a stormy altar of Qazlal.
   989 | D        | Found a snail-covered altar of Cheibriados.
   989 | D        | Found a burning altar of Makhleb.
   989 | D        | Found a shimmering altar of Xom.
   990 | D        | Found a hazy altar of Hepliaklqana.
   990 | D        | Found an opulent altar of Gozag.
   990 | D        | Found a sparkling altar of Nemelex Xobeh.
   990 | D        | Found a corrupted altar of Lugonu.
   990 | D        | Found a viscous altar of Jiyva.
  1025 | D        | Noticed a two-headed ogre
  1027 | D        | Offered knowledge of Ignite Poison by Vehumet.
  1027 | D        | Reached skill level 1 in Poison Magic
  1027 | D        | Reached *** piety under Vehumet
  1032 | D        | Learned a level 3 spell: Ignite Poison
  1053 | D        | Slain by a two-headed ogre

Vault maps used:
D:        dungeon_sprint_mu

Skill      XL: |  1  2  3  4  5  6  7  8 |
---------------+-------------------------+-----
Fighting       | 1 2 3 4 5 |  5.7
Spellcasting   | 4 5 7 8 11 12 | 12.9
Conjurations   | 2 3 4 6 7 |  7.8
Armour         | 1 2 4 5 |  5.6
Dodging        | 3 4 5 7 8 |  8.8
Fire Magic     | 4 5 7 8 |  8.6
Short Blades   | 1 2 |  2.2
Evocations     | 1 2 |  2.4
Poison Magic   | 1 |  1.9
Stealth        | |  2.4

Action                   |  1- 3 |  4- 6 |  7- 9 || total
-------------------------+-------+-------+-------++-------
Melee: Dagger            |       |     1 |       ||     1
 Cast: Flame Tongue      |    14 |     4 |    47 ||    65
       Throw Flame       |     2 |       |       ||     2
       Conjure Flame     |     1 |     1 |     4 ||     6
       Sticky Flame      |       |     3 |     3 ||     6
       Fireball          |       |       |     2 ||     2
       Inner Flame       |       |       |     1 ||     1
  Use: Potion            |       |     6 |       ||     6
       Scroll            |       |     2 |       ||     2
 Stab: Sleeping          |       |     1 |       ||     1
  Eat: Royal jelly       |       |       |     3 ||     3
Dodge: Dodged            |     2 |     1 |     3 ||     6
